 Dungeon Crawl Stone Soup version 0.30-a0-140-gd1020e658a (webtiles) character file.

Game seed: 4144579507548069446

121 qw the Chopper (level 5, -1/32 HPs)
             Began as a Gargoyle Fighter on Sept 24, 2022.
             Slain by a gnoll
             ... wielding a +0 flail
              (4 damage)
             ... on level 3 of the Dungeon.
             The game lasted 00:00:34 (1826 turns).

qw the Chopper (Gargoyle Fighter)                   Turns: 1826, Time: 00:00:34

Health: -1/32      AC: 13    Str: 21    XL:     5   Next: 5%
Magic:  5/5        EV:  7    Int:  9    God:
Gold:   44         SH:  4    Dex:  9    Spells: 4/4 levels left

rFire   . . .      SeeInvis .    Y - +0 war axe
rCold   . . .      Faith    .    c - +0 buckler
rNeg    + . .      Spirit   .    m - +0 chain mail
rPois   inf        Reflect  .    (no helmet)
rElec   +          Harm     .    (no cloak)
rCorr   .          Rampage  .    (no gloves)
Will    .....                    (no boots)
Stlth   ..........               (no amulet)
HPRegen 0.10/turn                (no ring)
MPRegen 0.09/turn                (no ring)

@: no status effects
A: sickness immunity, AC +4, negative energy resistance 1, electricity
resistance, torment resistance 1, petrification resistance
a: no special abilities


You were on level 3 of the Dungeon.
You visited 1 branch of the dungeon, and saw 3 of its levels.

You collected 44 gold pieces.


Innate Abilities, Weirdness & Mutations

You are immune to sickness and miasma.
Your stone body is resilient. (AC +4)
You are immune to poison.
You resist negative energy. (rN+)
You are resistant to electric shocks. (rElec)
You are resistant to unholy torment.
You are immune to petrification.


   Skills:
 - Level 3.2 Fighting
 + Level 4.6 Axes
 - Level 3.2 Armour
 - Level 3.2 Shields


You had 4 spell levels left.
You didn't know any spells.
Your spell library was empty.

Inventory:

Hand Weapons
 g - a +0 whip
 Y - a +0 war axe (weapon)
Armour
 c - a +0 buckler (worn)
 m - a +0 chain mail (worn)
Jewellery
 f - a ring of ice
Scrolls
 a - a scroll of identify
Potions
 d - a potion of might
 e - a potion of lignification {unknown}
 j - a potion of flight {unknown}

Dungeon Overview and Level Annotations

Branches:
Dungeon (3/15)

Altars:


Message History

The gnoll hits you but does no damage. x2
You closely miss the gnoll.
The gnoll is lightly wounded.
The gnoll hits you but does no damage. The gnoll closely misses you.
You hit the gnoll.
The gnoll is moderately wounded.
You block the gnoll's attack. x2; The gnoll hits you but does no damage. x2
You barely miss the gnoll.
The gnoll is moderately wounded.
The gnoll hits you with a +0 flail! The gnoll hits you but does no damage.
You hit the gnoll.
The gnoll is moderately wounded.
The gnoll hits you with a +0 flail. The gnoll hits you but does no damage.
1819 ||| DRINKING potion of heal wounds.
You feel much better. The gnoll hits you with a +0 flail.
The gnoll hits you from afar with a +0 spear.
You slash the gnoll!
You kill the gnoll!
The gnoll hits you but does no damage. x2
You barely miss the gnoll. You hit the gnoll. The gnoll barely misses you.
The gnoll hits you but does no damage.
You hit the gnoll.
The gnoll is moderately wounded.
You slash the gnoll! The gnoll hits you with a +0 club.
The gnoll hits you but does no damage.
You hit the gnoll but do no damage.
The gnoll is severely wounded.
You hit the gnoll. The gnoll hits you with a +0 club.
The gnoll hits you with a +0 spear.
You slash the gnoll!
You kill the gnoll!
You closely miss the gnoll. The gnoll hits you but does no damage.
You have reached level 5!
You hit the gnoll.
The gnoll is heavily wounded.
You closely miss the gnoll. The gnoll hits you with a +0 club.
The gnoll hits you with a +0 flail.
You die...

#.# #.# # ...
.### #.# ...
#.# ..#
#.##.##..#...
###.##.gg!.....
#.....)@#
#.#.###.# #.#<#
#.# #.#.# #.#
#.#.# #.#
#.#.###.#
#.......#
###...####
#..<....+


You could see 2 gnolls.

Vanquished Creatures
  Jessica (D:2)
  An orc wizard (D:2)
  2 gnolls (D:3)
  2 adders (D:3)
  4 orcs (D:2)
  3 bats
  5 endoplasms
  A giant cockroach (D:1)
  2 hobgoblins
  4 kobolds
  A quokka (D:2)
  A ball python (D:1)
  A frilled lizard (D:2)
  3 goblins
  2 rats (D:2)
33 creatures vanquished.

Notes
Turn   | Place    | Note
-------+----------+-------------------------------------------
     0 | D:1      | qw the Gargoyle Fighter began the quest for the Orb.
     0 | D:1      | Reached XP level 1. HP: 14/14 MP: 1/1
     0 | D:1      | 0 ||| qw: Version: 0.1.0-9-gbc19398
     0 | D:1      | 0 ||| qw: Game counter: 19
     0 | D:1      | 0 ||| qw: Always use a shield: true
     0 | D:1      | 0 ||| qw: God list: Okawaru
     0 | D:1      | 0 ||| qw: Allow faded altars: false
     0 | D:1      | 0 ||| qw: Do Orc after D:15 true
     0 | D:1      | 0 ||| qw: Do second Lair branch before Depths: true
     0 | D:1      | 0 ||| qw: Lair rune preference: random
     0 | D:1      | 0 ||| qw: Plans: Normal, Zot:1-4, God:TSO, Crypt, Tomb,
                  | Pan, Slime:5, Hells, Abyss, Orb
     0 | D:1      | 0 ||| PLANNING D:1-11
    96 | D:1      | Reached skill level 2 in Axes
   226 | D:1      | Reached XP level 2. HP: 19/19 MP: 2/2
   311 | D:1      | 311 ||| Stepping ~*~*~tactically~*~*~ (stealth).
   319 | D:1      | 319 ||| Stepping ~*~*~tactically~*~*~ (stealth).
   439 | D:1      | Found a faded altar of an unknown god.
   680 | D:1      | 680 ||| UPGRADING to +0 chain mail.
   690 | D:1      | 690 ||| DROPPING +0 scale mail.
   691 | D:1      | 691 ||| READING 2 scrolls labelled LATREE WIYW.
   692 | D:1      | 692 ||| READING scroll labelled GUIHIPS VUHE.
   696 | D:1      | 696 ||| READING scroll labelled CUWUKLE ASEFRUI.
   743 | D:1      | 743 ||| READING scroll labelled WIOXOS KEHO.
   760 | D:2      | 760 ||| Stepping ~*~*~tactically~*~*~ (hiding).
   768 | D:2      | Reached skill level 3 in Axes
   768 | D:2      | Reached XP level 3. HP: 8/23 MP: 3/3
  1014 | D:2      | Noticed Jessica
  1015 | D:2      | 1015 ||| Stepping ~*~*~tactically~*~*~ (hiding).
  1030 | D:2      | Killed Jessica
  1031 | D:2      | Reached skill level 4 in Axes
  1031 | D:2      | Reached XP level 4. HP: 13/28 MP: 4/4
  1413 | D:2      | 1413 ||| Stepping ~*~*~tactically~*~*~ (stealth).
  1746 | D:2      | 1746 ||| DRINKING 2 fuming coppery potions.
  1747 | D:2      | 1747 ||| READING 2 scrolls of identify.
  1747 | D:2      | 1747 ||| IDENTIFYING murky blue potion
  1748 | D:2      | 1748 ||| DROPPING potion of invisibility.
  1771 | D:3      | 1771 ||| STAIRDANCE
  1805 | D:3      | 1805 ||| Stepping ~*~*~tactically~*~*~ (hiding).
  1806 | D:3      | 1806 ||| Stepping ~*~*~tactically~*~*~ (stealth).
  1807 | D:3      | 1807 ||| Stepping ~*~*~tactically~*~*~ (stealth).
  1818 | D:3      | HP: 7/28 [gnoll/+0 flail (1)]
  1819 | D:3      | 1819 ||| DRINKING potion of heal wounds.
  1824 | D:3      | HP: 5/28 [gnoll/+0 spear (5)]
  1826 | D:3      | Reached XP level 5. HP: 6/32 MP: 5/5
  1826 | D:3      | Slain by a gnoll

Levels and vault maps discovered:
D:1:      onia_arrival_pyramid, layout_loops_cross,
          chequers_ecumenical_altar_simple, kennysheep_another_room,
          dk_noncrumbling_4, chequers_serial_rivers_small_3,
          chequers_serial_rivers_micro_c
D:2:      layout_rooms, uniq_jessica
D:3:      kennysheep_the_goblin_king, layout_loops_corners, uniq_grinder

Skill      XL: |  1  2  3 |
---------------+----------+-----
Axes           | 2 3 4 |  4.6
Fighting       | |  3.2
Armour         | |  3.2
Shields        | |  3.2

Action                   |  1- 3 |  4- 6 || total
-------------------------+-------+-------++-------
Melee: War axe           |    52 |    62 ||   114
  Use: Scroll            |     4 |     1 ||     5
       Potion            |       |     2 ||     2
Armor: Scale mail        |    17 |       ||    17
       Chain mail        |     8 |    45 ||    53
Dodge: Dodged            |    23 |    21 ||    44
Block: Buckler           |    12 |    11 ||    23

Table legend:
 A = Non-vault XP
 B = Vault XP
 C = Vault XP percentage of total XP
 D = Non-vault monster count
 E = Vault monster count
 F = Vault count percentage of total count
                 A         B        C        D         E       F
            +---------+---------+-------+---------+---------+-------
      Total |     136 |      37 |  21.4 |      32 |       1 |   3.0
            +---------+---------+-------+---------+---------+-------
        D:1 |      20 |       0 |   0.0 |      12 |       0 |   0.0
        D:2 |      62 |      37 |  37.4 |      16 |       1 |   5.9
        D:3 |      54 |       0 |   0.0 |       4 |       0 |   0.0
            +---------+---------+-------+---------+---------+-------
